Unix NetHack Version 5.0.0-0 post-release - last build Jun 10 2026 00:39:30 (3ee93aec679c4c4259841fe613dc97188e26a321,branch:main).

Game began 2026-06-13 01:11:39, ended 2026-06-14 00:36:12.

Aranth, chaotic female elven Wizard

                                    --- --
                                    -.--.--           -----  |
                                    ..(..`.--       ---......|
                                  ---...  ..|      --.ad--- --
                                   .....- ..|    ---.@*.|
                                   -....|--.-- ---......--
                                   |....||...|--....)..*.--
                                   |..^.--...--..-......f)--
                                   |.............)......[..|
                                  --................).---.#-
                                 --..............--..-- ---#
                                 |..........----------
                                 --.........|
                                  |<..---...|
                                  ----- --..|
                                         ----

Aranth the Conjurer       St:13 Dx:15 Co:14 In:16 Wi:12 Ch:12  Chaotic
Dlvl:4  $:42 HP:0(39) Pw:4(50) AC:8  Xp:5 T:1140 

Latest messages:
 Punt drops a hooded cloak.
 You swap places with Punt.
 The kitten picks up a hooded cloak.
 The kitten drops a hooded cloak.
 The gnome picks up a thonged club.
 The gnome wields a thonged club!
 The gnome secures the tether on the thonged club.
 You miss the gnome.
 You kill the gnome!
 The kitten picks up a rock.
 G - a black gem (2 in total).
 Punt picks up a rock.
 You hear a B flat squeak in the distance.
 The kitten drops a rock.
 You miss the giant ant.
 The giant ant bites!
 The giant ant bites!
 In what direction? 6
 The spell hits the giant ant!
 You kill the giant ant!
 The spell hits the giant ant!
 Punt misses the giant ant.
 In what direction? 6
 The spell misses the giant ant.
 The giant ant bites!
 Punt bites the giant ant.
 The giant ant misses Punt.
 The giant ant bites!
 Punt bites the giant ant.
 The giant ant is killed!
 You don't have enough energy to cast that spell.
 The giant ant bites!
 Punt drops a rock.
 The giant ant bites!
 Punt misses the giant ant.
 The giant ant bites!
 You hit the giant ant.
 The giant ant bites!
 Punt misses the giant ant.
 You miss the giant ant.
 The giant ant bites!
 Punt picks up a rock.
 Punt misses the giant ant.
 The giant ant bites!
 Punt misses the giant ant.
 Punt misses the giant ant.
 The giant ant bites!
 You die...
 Do you want your possessions identified? [ynq] (y) y
 Do you want to see your attributes? [ynq] (y) q

Inventory:
 Coins    ('$')
  $ - 42 gold pieces
 Amulets  ('"')
  q - a cursed amulet of reflection
 Weapons  (')')
  a - a blessed +1 quarterstaff (weapon in hands)
 Armor    ('[')
  s - an uncursed +0 pair of iron shoes (being worn)
  b - an uncursed +0 cloak of magic resistance
  t - a cursed +0 cloak of magic resistance
 Comestibles  ('%')
  F - an uncursed food ration
  v - 2 cursed food rations
 Scrolls  ('?')
  i - an uncursed scroll of create monster
  j - 2 uncursed scrolls of identify
  w - a cursed scroll of identify
  k - an uncursed scroll of remove curse
 Spellbooks  ('+')
  m - an uncursed spellbook of chain lightning
  l - a blessed spellbook of force bolt
  x - a cursed spellbook of slow monster
 Potions  ('!')
  g - a blessed potion of booze
  f - an uncursed potion of confusion
  C - an uncursed potion of gain ability
  h - an uncursed potion of restore ability
 Rings    ('=')
  u - a cursed -2 ring of adornment
  e - an uncursed ring of fire resistance
  d - an uncursed ring of protection from shape changers
 Wands    ('/')
  c - a wand of fire (0:4)
 Tools    ('(')
  y - an empty cursed sack
  o - an uncursed wooden harp
  n - a magic marker (0:19)
  r - an uncursed mirror
  p - an uncursed tallow candle
  z - a cursed tinning kit (0:35)
 Gems/Stones  ('*')
  B - 2 uncursed opals
  G - 2 uncursed worthless pieces of black glass
  H - an uncursed worthless piece of green glass
  A - a cursed worthless piece of orange glass
  D - 2 uncursed worthless pieces of yellow glass

Aranth the Wizard's attributes:

Background:
 You were a Conjurer, a level 5 female elven Wizard.
 You were chaotic, nominally on a mission for Anhur
 who was opposed by Ptah (lawful) and Thoth (neutral).
 You were right-handed.
 You were in the Gnomish Mines, on level 4.
 You entered the dungeon 1140 turns ago.
 It was the midnight hour.
 There was a new moon in effect when your adventure ended.
 You had 194 experience points, 126 more were needed to attain level 6.

Basics:
 You had 0 out of 39 hit points.
 You had 4 out of 50 energy points (spell power).
 Your armor class was 8.
 Your wallet contained 42 zorkmids.
 Autopickup was off.

Final Characteristics:
 Your strength was 13 (limit:18).
 Your dexterity was 15 (limit:18).
 Your constitution was 14 (limit:16).
 Your intelligence was 16 (limit:20).
 Your wisdom was 12 (limit:20).
 Your charisma was 12 (limit:18).

Final Status:
 You weren't hungry.
 You were unencumbered.
 You were wielding a quarterstaff.
 You had basic skill with quarterstaff.

Final Attributes:
 You were devoutly aligned.
 You were sleep resistant.
 You had infravision.
 You were unlucky.
 You are dead.

Miscellaneous:
 You encountered 1 bones level.
 Total elapsed playing time was 20 minutes and 17 seconds.

Major events:
 Turn
    1: Aranth the chaotic female elven Wizard entered the dungeon
  729: entered the Gnomish Mines
  744: attained the rank of Conjurer (level 3)
 1140: killed by a giant ant

Spells:
 Name                 Level Category     Fail Retention
 force bolt             1   attack         0%  91%-100%
 chain lightning        2   attack         0%  91%-100%

Skills:
 Fighting Skills
   bare handed combat [Unskilled]
   riding             [Unskilled]
 Weapon Skills
   dagger             [Unskilled]
   knife              [Unskilled]
   axe                [Unskilled]
   short sword        [Unskilled]
   club               [Unskilled]
   mace               [Unskilled]
   quarterstaff       [Basic]
   polearms           [Unskilled]
   spear              [Unskilled]
   trident            [Unskilled]
   sling              [Unskilled]
   dart               [Unskilled]
   shuriken           [Unskilled]
 Spellcasting Skills
   attack spells      [Basic]
   healing spells     [Unskilled]
   divination spells  [Unskilled]
   enchantment spells [Basic]
   clerical spells    [Unskilled]
   escape spells      [Unskilled]
   matter spells      [Unskilled]

Voluntary challenges:
 Character rerolling was not enabled.
 You were an atheist.
 You never genocided any monsters.
 You never polymorphed an object.
 You never changed form.
 You used no wishes.
Achievements:
 You entered the Gnomish Mines.
 You attained the rank of Conjurer.

 The Dungeons of Doom: levels 1 to 2
    Level 1:
       A fountain.
    Level 2:
       A sink.
       Stairs down to The Gnomish Mines.
 The Gnomish Mines: levels 3 to 4
    Level 3:
       Final resting place for
          Lettuce-Arc-Hum-Fem-Neu, killed by a dwarf.
    Level 4: <- You were here.
       Final resting place for
          you, killed by a giant ant.


Vanquished creatures:
  a ghost
  a shrieker
  a gnomish wizard
  2 giant ants
  3 dwarves
  a yellow mold
 12 gnomes
  2 jackals
  a goblin
  6 grid bugs
  a lichen
  2 kobold zombies
  4 newts
37 creatures vanquished.

No species were genocided or became extinct.

Game over:
                       ----------
                      /          \
                     /    REST    \
                    /      IN      \
                   /     PEACE      \
                  /                  \
                  |      Aranth      |
                  |      42 Au       |
                  |   killed by a    |
                  |    giant ant     |
                  |                  |
                  |                  |
                  |       2026       |
                 *|     *  *  *      | *
        _________)/\\_//(\/(/\)/\//\/|_)_______

Goodbye Aranth the Wizard...

You died in The Gnomish Mines on dungeon level 4 with 964 points,
and 42 pieces of gold, after 1140 moves.
You were level 5 with a maximum of 39 hit points when you died.

